Map: Eternal Empire LE

Players

azazello - Winner!

  • Race: Protoss Protoss
  • Spawn Location: 1:00

MooEsqoo

  • Race: Protoss Protoss
  • Spawn Location: 7:00

VOD

Have the link to the VOD?

Description

Time

  • Played on: Feb. 1, 2020, 1:10 p.m.
  • Length: 18:49
Show
View Real Time Build Order
Export as new Build Order

azazello Protoss - Winner!

Build Orders: Carriers 

Get SALT Encoding   

  12  0:02  Probe  
  13  0:14  Probe  
  14  0:22  Pylon  
  14  0:27  Probe  
  15  0:34  Assimilator  
  15  0:40  Probe  
  16  0:49  Gateway  
  16  0:55  Forge  
  16  0:57  Probe  
  17  1:20  Gateway  
  17  1:36  Pylon  
  17  1:48  Pylon  
  17  1:56  Photon Cannon  
  17  1:57  Photon Cannon  
  17  2:01  Pylon  
  17  2:02  Pylon  
  17  2:03  Pylon  
  17  2:17  Photon Cannon  
  17  2:31  Photon Cannon  
  17  2:43  Zealot (Chrono Boost), Assimilator  
  19  2:48  Probe  
  20  3:01  Zealot (Chrono Boost)  
  22  3:15  Photon Cannon  
  22  3:17  Pylon  
  22  3:30  Cybernetics Core  
  22  3:33  Pylon  
  22  4:07  Nexus  
  22  4:20  Stalker (Chrono Boost)  
  24  4:28  Probe  
  24  4:40  Probe  
  24  4:42  Stalker (Chrono Boost)  
  27  4:51  Pylon  
  27  5:06  Stalker (Chrono Boost)  
  29  5:32  Probe  
  29  5:34  Stargate x2  
  30  5:39  Photon Cannon  
  30  5:44  Probe  
  31  5:54  Zealot  
  31  5:56  Probe  
  34  6:15  Oracle (Chrono Boost)  
  34  6:16  Oracle (Chrono Boost)  
  40  6:35  Nexus  
  40  6:53  Probe  
  41  6:59  Probe  
  42  7:05  Probe  
  43  7:12  Probe  
  44  7:17  Probe  
  45  7:24  Probe  
  45  7:29  Probe  
  44  7:40  Void Ray x2  
  44  7:41  Probe  
  53  7:52  Pylon  
  53  7:53  Probe  
  53  7:54  Pylon  
  54  7:58  Assimilator  
  54  8:02  Assimilator  
  54  8:04  Probe  
  54  8:05  Probe  
  56  8:16  Probe  
  56  8:17  Probe  
  58  8:26  Void Ray  
  62  8:28  Probe  
  62  8:29  Probe  
  64  8:41  Probe  
  64  8:43  Fleet Beacon  
  65  9:04  Void Ray  
  65  9:09  Probe  
  70  9:20  Assimilator  
  70  9:21  Probe  
  70  9:24  Assimilator  
  71  9:34  Probe  
  72  9:44  Carrier (Chrono Boost)  
  72  9:45  Carrier (Chrono Boost)  
  84  10:11  Protoss Air Weapons Level 1  
  84  10:30  Pylon  
  84  10:31  Probe  
  85  10:36  Pylon  
  85  10:37  Pylon  
  85  10:48  Probe  
  92  10:50  Carrier (Chrono Boost)  
  92  10:54  Carrier (Chrono Boost)  
  98  11:01  Probe  
  99  11:13  Probe  
  100  11:25  Probe  
  101  11:51  Carrier (Chrono Boost)  
  107  12:04  Probe  
  108  12:16  Probe  
  108  12:17  Protoss Air Armor Level 1 (Chrono Boost)  
  109  12:25  Pylon  
  109  12:29  Pylon  
  109  12:31  Pylon  
  109  12:36  Pylon  
  109  12:38  Pylon  
  109  12:43  Carrier (Chrono Boost), Probe  
  116  12:46  Carrier (Chrono Boost)  
  110  13:38  Carrier (Chrono Boost)  
  116  13:42  Carrier (Chrono Boost)  
  76  14:21  Protoss Air Weapons Level 2 (Chrono Boost)  
  76  14:34  Carrier (Chrono Boost)  
  82  14:42  Carrier (Chrono Boost)  
  85  15:35  Carrier (Chrono Boost)  
  91  15:46  Carrier (Chrono Boost)  
  97  16:08  Nexus  
  103  16:33  Carrier  
  109  16:47  Carrier  
  103  17:37  Carrier  
Show
View Real Time Build Order
Export as new Build Order

MooEsqoo Protoss 

Build Orders:  

Get SALT Encoding   

  12  0:01  Probe  
  13  0:13  Probe  
  14  0:18  Pylon  
  14  0:25  Probe  
  15  0:36  Gateway  
  15  0:39  Probe (Chrono Boost)  
  16  0:49  Probe (Chrono Boost)  
  17  0:54  Probe (Chrono Boost)  
  17  0:55  Assimilator  
  18  1:06  Probe  
  19  1:28  Probe  
  20  1:35  Cybernetics Core  
  20  1:45  Nexus  
  20  1:56  Zealot (Chrono Boost)  
  22  2:30  Probe  
  22  2:42  Zealot  
  23  2:48  Pylon  
  23  2:53  Probe  
  23  2:55  Shield Battery  
  20  3:18  Stalker (Chrono Boost)  
  22  3:29  Probe  
  23  3:41  Probe  
  24  3:44  Stalker  
  24  4:22  Shield Battery  
  24  4:23  Shield Battery  
  24  4:25  Assimilator  
  24  4:38  Stalker (Chrono Boost)  
  26  4:43  Gateway  
  26  4:49  Warp Gate  
  26  5:00  Stalker (Chrono Boost)  
  26  5:23  Stalker (Chrono Boost)  
  28  5:31  Nexus  
  28  5:32  Pylon  
  28  5:35  Stalker  
  30  5:53  Probe (Chrono Boost)  
  30  5:56  Stalker  
  33  6:02  Probe (Chrono Boost)  
  34  6:05  Twilight Council  
  34  6:15  Shield Battery  
  34  6:16  Shield Battery  
  34  6:24  Stalker  
  36  6:29  Probe (Chrono Boost)  
  37  6:38  Probe (Chrono Boost)  
  38  6:43  Probe (Chrono Boost)  
  38  6:44  Stalker  
  41  6:48  Probe  
  42  6:55  Probe  
  42  7:00  Probe  
  44  7:07  Probe, Sentry  
  47  7:09  Sentry  
  47  7:12  Probe  
  50  7:19  Probe  
  45  7:24  Probe  
  45  7:51  Stalker x2  
  49  7:53  Probe x2  
  49  7:57  Charge  
  52  8:06  Probe (Chrono Boost), Phoenix  
  52  8:11  Probe (Chrono Boost)  
  53  8:18  Probe (Chrono Boost)  
  54  8:28  Pylon  
  54  8:30  Pylon  
  54  8:32  Pylon  
  54  8:46  Probe x2  
  56  8:49  Assimilator  
  56  8:52  Assimilator  
  56  8:58  Probe x2  
  58  9:09  Stalker  
  60  9:10  Probe x2  
  62  9:28  Templar Archives  
  62  9:31  Forge  
  62  9:41  Nexus  
  62  9:42  Pylon  
  62  9:46  Stalker x2  
  66  9:54  Phoenix  
  66  9:55  Gateway  
  66  9:56  Gateway  
  66  10:00  Gateway  
  66  10:03  Pylon  
  66  10:09  High Templar x2  
  66  10:13  Archon  
  70  10:22  Probe x2  
  72  10:34  Probe x2  
  74  10:37  Assimilator  
  74  10:40  Assimilator  
  74  10:45  Protoss Ground Weapons Level 1 (Chrono Boost)  
  74  10:53  Stargate  
  74  11:03  Probe x2  
  74  11:04  Probe  
  73  11:15  Probe  
  73  11:16  Probe x2  
  76  11:28  Probe x3  
  76  11:48  Probe x3  
  79  12:00  Probe x3  
  82  12:01  Phoenix (Chrono Boost)  
  84  12:10  High Templar x2  
  84  12:11  High Templar x2  
  84  12:14  Archon  
  84  12:15  Archon  
  92  12:17  Phoenix (Chrono Boost)  
  92  12:22  Robotics Facility  
  94  12:38  Probe x3  
  94  12:42  Phoenix  
  99  12:45  Phoenix  
  99  12:50  Probe x3  
  99  13:03  High Templar x2  
  99  13:04  High Templar x2  
  105  13:07  Archon  
  105  13:08  Archon  
  105  13:15  Probe x2  
  105  13:16  Probe  
  108  13:26  Shield Battery  
  108  13:27  Probe  
  108  13:28  Shield Battery  
  109  13:43  Pylon  
  109  13:45  Pylon  
  109  13:47  Pylon  
  109  13:49  Pylon, Warp Prism (Chrono Boost)  
  109  13:51  Pylon  
  109  13:52  Probe  
  109  13:53  Probe, Pylon  
  109  13:54  Pylon  
  105  14:00  Stalker  
  105  14:01  Stalker x3  
  99  14:20  Pylon  
  82  14:59  High Templar x2  
  76  15:00  Zealot, High Templar x2  
  76  15:03  Archon  
  76  15:04  Archon  
  72  15:08  Protoss Ground Weapons Level 2 (Chrono Boost)  
  72  15:09  Gateway  
  72  15:10  Gateway  
  72  15:13  Gateway  
  68  15:15  Phoenix (Chrono Boost)  
  68  15:17  Gateway  
  68  15:19  Gateway  
  70  15:22  Stalker  
  72  15:37  Phoenix (Chrono Boost), Stalker x2  
  72  15:38  Stalker x2  
  82  15:49  Warp Prism (Chrono Boost)  
  82  15:55  Phoenix  
  80  15:59  Stalker  
  82  16:08  High Templar x4  
  82  16:09  High Templar x3  
  96  16:12  Archon x2  
  96  16:13  Archon  
  96  16:18  Observer  
  97  16:20  Phoenix  
  97  16:24  Probe x3  
  102  16:34  High Templar x2  
  102  16:36  Probe x3, High Templar  
  102  16:39  Archon  
  111  16:46  Archon, High Templar  
  111  16:47  High Templar x3  
  115  16:50  Zealot x3  
  115  16:52  Archon x2  
  95  17:19  High Templar x2  
  95  17:20  High Templar  
  95  17:22  Zealot x5  
  107  17:23  Zealot x2  
  107  17:25  Archon  
  107  17:26  Warp Prism (Chrono Boost)  
  113  17:43  Zealot x2  
  113  17:44  Zealot x5  
  127  17:55  Warp Prism  
  127  17:56  Pylon  
  127  17:58  Pylon  
  129  17:59  Pylon  
  129  18:01  Pylon  
  129  18:05  Zealot x5  
  137  18:06  Zealot x5  
  85  18:34  Stalker  
  85  18:35  Stalker x4  
  85  18:36  Stalker x2  
  85  18:38  Stalker  
  85  18:39  Stalker x2  
Tags
 
Composition
Carriers
Matchup
PvP
Spawn Locations
Cross Positions
Add a new tag
Caveats
  • Supply blocks, unpowered buildings, or Contaminate may cause inaccurate times.
  • Supply counts are checked every 10 seconds.